 Dungeon Crawl Stone Soup version 0.26.0-20-g3ca415f5b8 (webtiles) character file.

Game seed: 1452780598171489144

3969 thiole the Fighter (level 10, -5/65 (74) HPs)
             Began as an Octopode Hedge Wizard on Jan 24, 2021.
             Was an Initiate of Gozag.
             Slain by a hellwing (6 damage)
             ... on level 7 of the Dungeon on Jan 25, 2021.
             The game lasted 00:32:42 (11454 turns).

thiole the Fighter (Octopode Hedge Wizard)         Turns: 11454, Time: 00:32:42

HP:   -5/65 (74)    AC:  3    Str: 15    XL:     10   Next: 22%
MP:   5/17          EV: 17    Int: 19    God:    Gozag
Gold: 776           SH:  0    Dex: 13    Spells: 6/19 levels left

rFire    . . .     SeeInvis .   l - +4 flail (protect)
rCold    . . .     Faith    .   (no shield)
rNeg     + . .     Spirit   .   b - +2 hat
rPois    .         Reflect  .   (no amulet)
rElec    .         Harm     .   p - ring of positive energy
rCorr    .         Rampage  .   t - +6 ring of strength
Will     .....                  (no ring)
Stlth    ++++......             (no ring)
HPRegen  0.20/turn              (no ring)
MPRegen  0.15/turn              (no ring)
                                (no ring)
                                (no ring)

@: mighty, marked, heavily drained, invisible
A: almost no armour, stealthy swim, amphibious, 8 rings, constrict 8, camouflage
1, gelatinous body 1
a: Renounce Religion, Potion Petition, Call Merchant, Bribe Branch


You were on level 7 of the Dungeon.
You worshipped Gozag.
Gozag was pleased with you.
You visited 2 branches of the dungeon, and saw 8 of its levels.
You also visited: Sewer.

You collected 862 gold pieces.
You paid 86 gold pieces to Gozag.

Inventory:

Hand Weapons
 a - a +0 dagger
 l - a +4 flail of protection (weapon)
Missiles
 h - 247 stones
 o - 25 poisoned darts
Armour
 b - a +2 hat (worn)
Jewellery
 g - an uncursed ring of fire
 p - a ring of positive energy (left tentacle)
 t - a +6 ring of strength (right tentacle)
Wands
 s - a wand of digging (5)
 y - a wand of acid (3)
Scrolls
 c - 2 scrolls of teleportation
 d - a scroll of enchant weapon
 e - 2 scrolls of enchant armour
 m - a scroll of immolation {unknown}
 n - 4 scrolls of remove curse
 u - a scroll of magic mapping
 x - a scroll of amnesia
Potions
 f - 2 potions of might
 j - 4 potions of brilliance
 r - 3 potions of attraction
 v - a potion of flight


   Skills:
 * Level 9.2 Fighting
 + Level 7.0 Dodging
 - Level 5.5 Stealth
 - Level 5.0 Spellcasting
 - Level 2.0 Conjurations
 + Level 1.1 Hexes
 - Level 2.0 Summonings
 - Level 1.0 Translocations
 - Level 2.0 Fire Magic
 - Level 5.0 Air Magic
 - Level 2.0 Poison Magic
 + Level 1.2 Evocations


You had 6 spell levels left.
You knew the following spells:

 Your Spells              Type           Power        Failure   Level
a - Magic Dart            Conj           48%          5%          1
b - Call Imp              Summ           12%          9%          2
c - Blink                 Tloc           N/A          12%         2
d - Conjure Flame         Conj/Fire      12%          16%         3
e - Mephitic Cloud        Conj/Pois/Air  16%          11%         3
f - Slow                  Hex            9%           12%         2

Your spell library contained the following spells:

 Spells                   Type           Power        Failure   Level


Dungeon Overview and Level Annotations

Branches:
Dungeon (7/15)             Temple (1/1) D:5           Sewer (visited)

Altars:
Cheibriados
Dithmenos
Elyvilon
Fedhas
Gozag
Hepliaklqana
Kikubaaqudgha
Makhleb
Nemelex Xobeh
Okawaru
Qazlal
Ru
Sif Muna
Trog
Uskayaw
Vehumet
Wu Jian
Xom
Yredelemnul
Zin
The Shining One

Shops:
D:5 }

Annotations:
D:7 Harold


Innate Abilities, Weirdness & Mutations

You cannot wear most types of armour.
You are very stealthy in the water. (Stealth+)
You are amphibious.
You can wear up to eight rings at the same time.
You can use your tentacles to constrict eight enemies at once.
Your skin changes colour to match your surroundings (Stealth+).
Your rubbery body absorbs attacks. (AC +1, EV +1)


Message History

You barely miss the hellwing.
The hellwing is moderately wounded.
The hellwing hits you.
* * * LOW HITPOINT WARNING * * *
The hellwing closely misses you. x3
You barely miss the hellwing. You squeeze the hellwing.
The hellwing is moderately wounded.
The hellwing hits you!
* * * LOW HITPOINT WARNING * * *
The hellwing misses you.
Your crimson imp blinks!
You feel better.
Your crimson imp blinks!
The hellwing hits you!
* * * LOW HITPOINT WARNING * * *
The hellwing completely misses you.
You fade into invisibility!
The hellwing hits you.
You die...
Your body crumbles into a pile of gold.

#.()>.......### ##.##.
######.#..).##........
#....####..##.#.. #...##
#..#..#.. #...# #........
.## #...#####.##..... ...
#..........(....)
#.#####45.###.#..#.####
..#.$..$@....5.....#.####
.....$.$ยง(..........(<..#
.#...............##.##.#
...###.#....##?.....##.#
.# #.#...)).[..##....#
#$#....####.####..#
#.#....# #.####..#
#.#....# #.......#
#......#########.#.


You could see a hellwing and 2 friendly crimson imps.

Vanquished Creatures
  A centaur zombie (D:7)
  4 centaur skeletons (D:7)
  A hellwing (D:7)
  A wraith (D:7)
  Edmund (D:4)
  An orc warrior (D:6)
  A hornet zombie (D:7)
  3 phantoms
  An ice beast (D:6)
  3 sky beasts (D:6)
  An ogre (D:5)
  2 centaurs
  3 big kobolds
  A scorpion (D:4)
  3 wights (D:7)
  2 hounds
  A jelly (D:5)
  An orc priest (D:4)
  6 orc wizards
  A bullfrog skeleton (D:7)
  An iguana (D:4)
  4 worker ants
  6 gnolls (D:5)
  5 adders
  6 river rats (Sewer)
  4 shadow imps
  An ooze (D:4)
  2 adder skeletons
  3 worms
  3 leopard geckos
  19 orcs
  8 ball pythons
  7 giant cockroaches
  4 goblins
  7 hobgoblins
  4 jackals (D:1)
  2 quokkas
  4 bats
  7 frilled lizards
  25 kobolds
  A leopard gecko zombie (D:7)
  27 rats
188 creatures vanquished.

Vanquished Creatures (collateral kills)
  A big kobold (Sewer)
  A scorpion (D:4)
  A hound (D:4)
  A worker ant (D:7)
  A leopard gecko (D:4)
  2 orcs (D:4)
  2 kobolds (Sewer)
9 creatures vanquished.

Vanquished Creatures (others)
  3 withered plants (D:7)
3 creatures vanquished.

Grand Total: 200 creatures vanquished

Notes
Turn   | Place    | Note
-------+----------+-------------------------------------------
     0 | D:1      | thiole the Octopode Hedge Wizard began the quest for the
                  | Orb.
     0 | D:1      | Reached XP level 1. HP: 11/11 MP: 4/4
   283 | D:1      | Reached XP level 2. HP: 17/17 MP: 0/6
  1110 | D:1      | Reached XP level 3. HP: 21/21 MP: 2/7
  1737 | D:2      | Learned a level 2 spell: Call Imp
  1740 | D:2      | Learned a level 2 spell: Blink
  1744 | D:2      | Learned a level 3 spell: Conjure Flame
  2793 | D:3      | Reached XP level 4. HP: 27/27 MP: 8/8
  2856 | D:3      | Found a glowing drain.
  2916 | Sewer    | Entered a sewer
  3102 | Sewer    | Reached skill level 1 in Fire Magic
  3381 | Sewer    | Reached skill level 1 in Fighting
  3419 | Sewer    | Noticed a big kobold
  3435 | Sewer    | Killed a big kobold
  3436 | Sewer    | Reached XP level 5. HP: 33/33 MP: 4/10
  3768 | Sewer    | HP: 1/33 [ball python (1)]
  4215 | Sewer    | Noticed a big kobold
  4215 | Sewer    | Noticed a big kobold
  4720 | Sewer    | Killed a big kobold
  4721 | Sewer    | Reached skill level 2 in Fighting
  4721 | Sewer    | Reached skill level 5 in Stealth
  4721 | Sewer    | Reached XP level 6. HP: 39/39 MP: 1/11
  5170 | Sewer    | Learned a level 3 spell: Mephitic Cloud
  5527 | D:3      | Found a bloodstained altar of Trog.
  6112 | D:4      | Reached skill level 1 in Poison Magic
  6112 | D:4      | Reached XP level 7. HP: 11/45 MP: 13/13
  6337 | D:4      | Reached skill level 1 in Air Magic
  6425 | D:4      | Found a shimmering blue altar of Sif Muna.
  6573 | D:4      | Noticed Edmund
  6619 | D:4      | Killed Edmund
  6620 | D:4      | Reached skill level 3 in Fighting
  7331 | D:4      | Found a shadowy altar of Dithmenos.
  7603 | D:5      | Entered Level 5 of the Dungeon
  7657 | D:5      | Found a staircase to the Ecumenical Temple.
  7666 | Temple   | Entered the Ecumenical Temple
  7802 | Temple   | Became a worshipper of Gozag Ym Sagoz the Greedy
  7916 | D:5      | Reached XP level 8. HP: 38/54 MP: 12/15
  8054 | D:5      | Reached skill level 5 in Spellcasting
  8187 | D:5      | Reached skill level 4 in Fighting
  8394 | D:5      | Found Tidaas's Gadget Boutique.
  8816 | D:6      | Found a glowing silver altar of Zin.
  8890 | D:6      | Reached skill level 5 in Fighting
  8982 | D:6      | Found a sacrificial altar of Ru.
  8984 | D:6      | Found an ornate altar of the Wu Jian Council.
  9001 | D:6      | Found a radiant altar of Vehumet.
  9043 | D:6      | Found a burning altar of Makhleb.
  9043 | D:6      | Noticed a green death
  9337 | D:6      | Found a blossoming altar of Fedhas.
  9494 | D:6      | Reached skill level 6 in Fighting
  9623 | D:7      | Reached XP level 9. HP: 52/62 MP: 5/16
  9664 | D:7      | Reached skill level 5 in Dodging
 10060 | D:7      | Reached skill level 7 in Fighting
 10702 | D:7      | Reached skill level 5 in Air Magic
 10711 | D:7      | Noticed a hellwing
 10802 | D:7      | Noticed a hellwing
 10811 | D:7      | Killed a hellwing
 10812 | D:7      | Reached skill level 8 in Fighting
 10828 | D:7      | Reached XP level 10. HP: 35/73 MP: 17/17
 10869 | D:7      | Noticed Harold
 10969 | D:7      | Reached skill level 9 in Fighting
 11214 | D:7      | Learned a level 2 spell: Slow
 11298 | D:7      | Reached skill level 1 in Evocations
 11324 | D:6      | Reached skill level 1 in Hexes
 11453 | D:7      | HP: 1/65 [hellwing (14)]
 11454 | D:7      | Slain by a hellwing

Illustrated notes

Levels and vault maps discovered:
D:1:      wheals_arrival_shading, layout_basic, minmay_heptomino_l4
D:2:      layout_basic
D:3:      layout_basic, lightli_temple_of_fire, portal_sewer_entry_a
D:4:      layout_basic, lemuel_crystal_altar, lemuel_crystal_altar, uniq_edmund
D:5:      layout_loops_ring, temple_pool_b, serial_shops,
          nicolae_shop_behind_doors
D:6:      layout_rooms, makhleb_altar_promises_db, fedhas_altar_4,
          nicolae_overflow_quartered_altars
D:7:      cheibrodos_grave_circle, layout_loops_cross, minmay_manual_mares,
          uniq_harold
Temple:   minmay_temple_bridge_abc

Skill      XL: |  1  2  3  4  5  6  7  8  9 10 |
---------------+-------------------------------+-----
Stealth        | 3 4 5 |  5.5
Summonings     | 2 |  2.0
Conjurations   | 2 |  2.0
Fire Magic     | 1 2 |  2.0
Fighting       | 1 2 3 6 8 9 |  9.2
Spellcasting   | 4 5 |  5.0
Poison Magic   | 1 2 |  2.0
Air Magic      | 2 3 5 |  5.0
Dodging        | 3 4 6 7 |  7.0
Evocations     | 1 |  1.2
Hexes          | 1 |  1.1
Translocations | |  1.0

Action                   |  1- 3 |  4- 6 |  7- 9 | 10-12 || total
-------------------------+-------+-------+-------+-------++-------
Melee: Dagger            |    25 |    56 |    17 |       ||    98
       Constrict         |     5 |    16 |    33 |     4 ||    58
       Tentacles         |     6 |    12 |    46 |    17 ||    81
       Flail             |       |       |   225 |    64 ||   289
 Cast: Magic Dart        |   101 |   160 |   100 |     9 ||   370
       Call Imp          |       |     8 |    10 |     8 ||    26
       Conjure Flame     |       |       |    24 |       ||    24
       Mephitic Cloud    |       |       |     1 |       ||     1
Evoke: Wand              |       |       |     5 |     4 ||     9
  Use: Potion            |       |     4 |     7 |    12 ||    23
       Scroll            |       |     1 |    16 |     2 ||    19
 Stab: Sleeping          |     3 |     2 |    10 |       ||    15
       Confused          |       |       |     2 |       ||     2
       Distracted        |       |       |     3 |       ||     3
Armor: Skin              |     2 |     4 |    46 |    22 ||    74
Dodge: Dodged            |    16 |    60 |   193 |    73 ||   342
